 Dungeon Crawl Stone Soup version 0.30.0-10-gfe55d96785 (webtiles) character file.

Game seed: 17813976795997167973

145492 qw the Severer (level 17, -2/108 HPs)
             Began as a Gargoyle Cinder Acolyte on May 16, 2023.
             Was an Elder of Okawaru.
             Slain by a demonic crawler (12 damage)
             ... on level 3 of the Spider Nest on May 17, 2023.
             The game lasted 00:28:35 (48045 turns).

qw the Severer (Gargoyle Cinder Acolyte)           Turns: 48045, Time: 00:28:35

Health: -2/108     AC: 51    Str: 29      XL:     17   Next: 42%
Magic:  22/24      EV:  4    Int: 16 (17) God:    Okawaru [****..]
Gold:   1061       SH:  0    Dex:  9      Spells: 18/18 levels left

rFire   + . .        z - +12 broad axe "Ulitar" {vamp, Str+3 Dex+2}
rCold   . . .        e - +0 tower shield
rNeg    + + .        b - +2 crystal plate armour
rPois   inf          f - +0 helmet
rElec   +            t - +0 cloak {Will+}
rCorr   .            o - +1 pair of gloves {infuse}
SInv    +            y - +1 pair of boots
Will    ++...        i - amulet of reflection Stlth
                     l - ring "Legagung" {rF+ rN+ Int+2 Dex+2}
HPRegen 0.38/turn    A - ring of see invisible
MPRegen 0.19/turn

%: reflection, infuse magic (1 MP)
@: about to teleport, heroic, flying, held
A: sickness immunity, AC +12, big wings, negative energy resistance 1,
electricity resistance, torment resistance 1, petrification resistance
a: Renounce Religion, Heroism, Finesse


You were on level 3 of the Spider Nest.
You worshipped Okawaru.
Okawaru was greatly pleased with you.
You visited 4 branches of the dungeon, and saw 25 of its levels.
You also visited: Ossuary.

You collected 2862 gold pieces.
You spent 1801 gold pieces at shops.


Innate Abilities, Weirdness & Mutations

You are immune to sickness and miasma.
Your stone body is resilient. (AC +12)
You are immune to poison.
Your large and strong wings let you fly.
You resist negative energy. (rN+)
You are resistant to electric shocks. (rElec)
You are resistant to unholy torment.
You are immune to petrification.


   Skills:
 - Level 13.0(18.0) Fighting
 - Level 17.0(22.0) Axes
 - Level 7.0(12.0) Throwing
 - Level 15.5(20.5) Armour
 - Level 3.0(8.0) Dodging
 + Level 14.1(19.1) Shields
 - Level 1.0 Spellcasting
 - Level 3.0 Fire Magic
 - Level 10.0 Invocations


You had 18 spell levels left.
You didn't know any spells.
Your spell library contained the following spells:

 Spells                   Type           Power      Damage    Failure   Level
 Scorch                   Fire           20%        2d5       86%         2

Inventory:

Hand Weapons
 d - a +3 hand axe of flaming
 z - the +12 broad axe "Ulitar" (weapon) {vamp, Str+3 Dex+2}
   (You acquired it on level 11 of the Dungeon)

   Str:       It affects your strength (+3).
   Dex:       It affects your dexterity (+2).
Missiles
 u - 12 boomerangs
 D - 6 javelins
 E - a silver javelin (quivered)
Armour
 b - a +2 crystal plate armour (worn)
 e - a +0 tower shield (worn)
 f - a +0 helmet (worn)
 k - a scarf of repulsion
 o - a +1 pair of gloves of infusion (worn)
 p - a +1 cloak
 t - a +0 cloak of willpower (worn)
 y - a +1 pair of boots (worn)
 G - a +2 helmet of see invisible
Jewellery
 i - an amulet of reflection (around neck)
 l - the ring "Legagung" (left hand) {rF+ rN+ Int+2 Dex+2}
   (You acquired it on level 2 of the Spider Nest)

   [ring of positive energy]

   Int:       It affects your intelligence (+2).
   Dex:       It affects your dexterity (+2).
   rF:        It protects you from fire.
   rN:        It protects you from negative energy.
 n - a ring of ice
 v - a ring of protection from cold
 A - a ring of see invisible (right hand)
 C - a +6 ring of dexterity
 Y - a ring of protection from fire
Wands
 q - a wand of digging (37)
Scrolls
 j - 19 scrolls of identify
 m - 3 scrolls of teleportation
 w - 2 scrolls of brand weapon
Potions
 a - a potion of heal wounds
 c - 18 potions of curing
 g - a potion of resistance
 h - 3 potions of haste
 r - 6 potions of might
 s - 3 potions of mutation
 x - a potion of magic
 F - 2 potions of brilliance {unknown}

Dungeon Overview and Level Annotations

Branches:
Dungeon (15/15)            Temple (0/1) D:7            Lair (5/5) D:8
  Swamp (0/4) Lair:3       Spider (3/4) Lair:2        Slime (0/5) Lair:4
    Orc (2/2) D:11            Elf (0/3) Orc:2        Vaults (0/5) D:14
 Depths (0/4) D:15        Ossuary (visited)

Altars:
Ashenzari
Cheibriados
Elyvilon
Fedhas
Gozag
Makhleb
Nemelex Xobeh
Okawaru
Qazlal
Ru
Trog
Wu Jian
Yredelemnul
Zin
The Shining One
Jiyva

Shops:
D:5 :   D:7 ?(   D:11 ?   Orc:2 !([*

Annotations:
D:5 1 runed translucent door, Crazy Yiuf
Lair:2 2 transporters, qw's ghost, journeyman GrCA
Lair:5 1 runed translucent door, qw's ghost, journeyman GrCA


Message History

The stream of webbing hits you but does no damage.
You are even more entangled.
The demonic crawler barely misses you.
The demonic crawler hits you but does no damage. x2
The jorogumo hits you but does no damage.
The demonic crawler hits you but does no damage. x2
The demonic crawler barely misses you.
48039 ||| DROPPING +1 hat of the Tundras {-Tele Rampage rPois SInv}.
You drop the +1 hat of the Tundras {-Tele Rampage rPois SInv}.
The jorogumo hits you but does no damage.
The demonic crawler hits you but does no damage. x2
The demonic crawler hits you! The jorogumo casts a spell at you.
The stream of webbing hits you but does no damage.
You are even more entangled.
The demonic crawler completely misses you.
The demonic crawler hits you but does no damage. x2
The jorogumo casts a spell at you.
The stream of webbing hits you but does no damage.
You are even more entangled.
The demonic crawler closely misses you.
The demonic crawler hits you but does no damage. x2
The jorogumo hits you but does no damage.
The demonic crawler hits you but does no damage. x3
The demonic crawler hits you but does no damage. x3
The jorogumo hits you. The demonic crawler hits you!
The demonic crawler hits you but does no damage. x2
The jorogumo hits you but does no damage.
The demonic crawler hits you but does no damage.
The demonic crawler barely misses you.
The demonic crawler hits you but does no damage.
The jorogumo hits you. The demonic crawler hits you! x2
The demonic crawler hits you but does no damage.
48045 ||| READING 4 scrolls of teleportation.
As you read the scroll of teleportation, it crumbles to dust.
You feel strangely unstable. The jorogumo casts a spell at you.
The bolt of negative energy hits you but does no damage.
You partially resist. The demonic crawler hits you!
You die...

## #.( . ^#. ... # ..
.. ## ##0.#. ##..#^ #..
#^.#.. ...#.. ##.#
....# ###...#
#.#.#.#.(#...# #.##..#
#..#s#H.....##.#...#..
#...@## ##.....[#.^.#
##^#..##.....#.#^.#.#
####.....#.##...#...#<
#.^.###..#.#....#.#^..
##.#...#.....##..##.#.
##..#...#...#.##....#.
#.#...#...#.#.^....#..
#......#...#...#.#..#.
###.###...#..^#..#.....


You could see a jorogumo and a demonic crawler.

Vanquished Creatures
  Arachne (Spider:3)
  Frances (D:14)
  2 ghost moths
  A spark wasp (Spider:2)
  An ettin (D:15)
  6 entropy weavers
  Josephine (D:10)
  An ice dragon (Lair:5)
  8 hydras
  10 centaur warriors
  4 vault guards (D:14)
  4 catoblepae
  An ogre mage (D:12)
  2 radroaches
  4 boulder beetles
  7 two-headed ogres
  8 death yaks
  A tengu warrior (D:13)
  Urug (D:10)
  2 orc high priests (Orc:2)
  Amaemon (Lair:2)
  Nergalle (D:11)
  3 pharaoh ants
  2 sun moths
  A skyshark (Lair:5)
  2 deep trolls (D:15)
  A glowing orange brain (shapeshifter) (D:12)
  A steelbarb worm (Spider:3)
  4 orb spiders
  A swamp dragon (Lair:3)
  2 harpies (shapeshifter)
  2 necromancers
  4 orc knights (Orc:2)
  2 lindwurms
  Pikel (D:4)
  3 deep elf pyromancers
  6 cyclopes
  4 orc sorcerers
  9 ugly things
  9 elephants (Lair:3)
  10 wolf spiders
  3 manticores
  2 moths of wrath
  11 demonic crawlers
  4 torpor snails (Spider:2)
  Maurice (D:10)
  An ice statue (Lair:5)
  7 black mambas
  An orange demon (Lair:2)
  16 cane toads
  3 gargoyles
  3 rime drakes
  2 efreet (D:13)
  2 kobold demonologists (D:12)
  2 unseen horrors (D:11)
  4 komodo dragons
  4 tengu conjurers
  3 meliai (Spider:3)
  7 polar bears
  5 trolls
  11 tarantellas
  Grinder (D:4)
  7 hornets (Lair:5)
  Prince Ribbit (D:9)
  13 dream sheep
  10 blink frogs
  Sigmund (D:2)
  11 slime creatures
  20 jumping spiders
  A centaur simulacrum (D:15)
  13 culicivoras
  13 spriggans (Lair:5)
  53 yaks
  9 wraiths
  5 basilisks
  9 wyverns
  Grum (D:11)
  3 fire bats (Lair:1)
  18 fire elementals
  2 vampire mosquitoes (D:13)
  Menkaure (D:5)
  29 redbacks
  A warg (shapeshifter) (D:13)
  A warg (Orc:2)
  3 acid dragons
  13 water moccasins
  A swamp drake (D:11)
  8 ice beasts
  3 black bears
  A sky beast (D:7)
  40 orc warriors
  30 wolves
  6 ogres
  32 centaurs
  3 boggarts (Lair:5)
  2 kobold brigands
  3 lemures (D:4)
  A phantom (D:7)
  9 bullfrogs
  2 gnoll sergeants
  7 scorpions
  21 wights
  6 water moccasin zombies (Ossuary)
  8 killer bees
  3 electric eels
  2 vampire bats (D:6)
  8 hounds
  3 jellies (Lair:4)
  16 orc priests
  A sleepcap (D:6)
  8 iguanas
  Natasha (thrice) (D:4)
  28 orc wizards
  9 hell rats
  5 polar bear simulacra (D:10)
  A yak simulacrum (D:10)
  4 wolf simulacra (D:10)
  2 mummies (Ossuary)
  15 gnolls
  10 adders
  13 river rats
  8 white imps
  An ufetubus (D:5)
  7 adder zombies (Ossuary)
  A worm (Lair:2)
  2 dart slugs
  104 orcs
  11 bats
  8 endoplasms
  6 giant cockroaches
  5 gnoll zombies (Ossuary)
  4 hobgoblins
  4 jackals (D:3)
  4 quokkas
  8 ball pythons
  2 frilled lizards
  5 goblins
  5 hobgoblin zombies (Ossuary)
  18 kobolds
  5 kobold zombies (Ossuary)
  4 orc zombies (Ossuary)
  13 rats
  A river rat simulacrum (D:10)
  A butterfly (Lair:5)
1007 creatures vanquished.

Vanquished Creatures (others)
  A killer bee (D:9)
  An orc wizard (D:6)
2 creatures vanquished.

Grand Total: 1009 creatures vanquished

Notes
Turn   | Place    | Note
-------+----------+-------------------------------------------
     0 | D:1      | qw the Gargoyle Cinder Acolyte began the quest for the Orb.
     0 | D:1      | Reached XP level 1. HP: 14/14 MP: 2/2
     0 | D:1      | 0 ||| qw: Version: 0.2-a-94-gb5d2a68
     0 | D:1      | 0 ||| qw: Game counter: 70
     0 | D:1      | 0 ||| qw: Always use a shield: true
     0 | D:1      | 0 ||| qw: God list: Okawaru
     0 | D:1      | 0 ||| qw: Allow faded altars: false
     0 | D:1      | 0 ||| qw: Do Orc after D:15 true
     0 | D:1      | 0 ||| qw: Do second Lair branch before Depths: true
     0 | D:1      | 0 ||| qw: Lair rune preference: random
     0 | D:1      | 0 ||| qw: Plans: Normal
     0 | D:1      | 0 ||| PLANNING D:1-11
   108 | D:1      | Reached skill level 3 in Axes
   168 | D:1      | 168 ||| Stepping ~*~*~tactically~*~*~ (hiding).
   176 | D:1      | Reached XP level 2. HP: 13/19 MP: 3/3
   546 | D:1      | You fall into a shaft and drop 1 floor!
   547 | D:2      | 547 ||| READING scroll labelled UXONURUMNI.
   574 | D:1      | 574 ||| Stepping ~*~*~tactically~*~*~ (hiding).
   576 | D:1      | 576 ||| Stepping ~*~*~tactically~*~*~ (hiding).
   577 | D:1      | 577 ||| Stepping ~*~*~tactically~*~*~ (hiding).
   578 | D:1      | 578 ||| Stepping ~*~*~tactically~*~*~ (hiding).
   579 | D:1      | 579 ||| Stepping ~*~*~tactically~*~*~ (hiding).
   580 | D:1      | 580 ||| Stepping ~*~*~tactically~*~*~ (hiding).
   581 | D:1      | 581 ||| Stepping ~*~*~tactically~*~*~ (hiding).
   739 | D:1      | Reached XP level 3. HP: 23/23 MP: 4/4
   745 | D:1      | 745 ||| Stepping ~*~*~tactically~*~*~ (stealth).
   747 | D:1      | 747 ||| Stepping ~*~*~tactically~*~*~ (hiding).
   749 | D:1      | 749 ||| Stepping ~*~*~tactically~*~*~ (stealth).
   923 | D:1      | 923 ||| Stepping ~*~*~tactically~*~*~ (stealth).
  1194 | D:1      | 1194 ||| UPGRADING to +0 leather armour.
  1204 | D:1      | 1204 ||| DROPPING +0 robe.
  1205 | D:1      | 1205 ||| READING scroll labelled SAKIAS XOIGORO.
  1206 | D:1      | 1206 ||| READING scroll labelled PEFIWUSHR CASER.
  1211 | D:1      | 1211 ||| READING scroll labelled UGAR BOUDUSS.
  1258 | D:2      | Noticed Sigmund
  1260 | D:2      | 1260 ||| Stepping ~*~*~tactically~*~*~ (stealth).
  1280 | D:2      | 1280 ||| Stepping ~*~*~tactically~*~*~ (stealth).
  1331 | D:2      | Reached skill level 1 in Throwing
  1373 | D:2      | 1373 ||| Stepping ~*~*~tactically~*~*~ (hiding).
  1385 | D:2      | Killed Sigmund
  1386 | D:2      | Reached skill level 5 in Axes
  1386 | D:2      | Reached XP level 4. HP: 23/28 MP: 5/5
  1386 | D:2      | Reached XP level 5. HP: 27/32 MP: 6/6
  1431 | D:2      | 1431 ||| READING 3 scrolls of enchant weapon.
  1431 | D:2      | 1431 ||| ENCHANTING +0 hand axe of flaming.
  1432 | D:2      | 1432 ||| READING 2 scrolls of enchant weapon.
  1432 | D:2      | 1432 ||| ENCHANTING +1 hand axe of flaming.
  1433 | D:2      | 1433 ||| READING scroll of enchant weapon.
  1433 | D:2      | 1433 ||| ENCHANTING +2 hand axe of flaming.
  1467 | D:2      | 1467 ||| SWAPPING to +0 war axe.
  1545 | D:2      | 1545 ||| Stepping ~*~*~tactically~*~*~ (stealth).
  1556 | D:2      | 1556 ||| Stepping ~*~*~tactically~*~*~ (stealth).
  1693 | D:2      | 1693 ||| Stepping ~*~*~tactically~*~*~ (stealth).
  1861 | D:2      | 1861 ||| DROPPING ring of wizardry.
  1862 | D:2      | 1862 ||| READING scroll labelled MUUCWA GUF APO.
  1863 | D:2      | 1863 ||| READING scroll labelled CYPASSOCUK.
  1864 | D:2      | 1864 ||| DRINKING 3 blue potions.
  1931 | D:3      | Reached XP level 6. HP: 37/37 MP: 7/7
  2032 | D:3      | 2032 ||| Stepping ~*~*~tactically~*~*~ (stealth).
  2034 | D:3      | 2034 ||| Stepping ~*~*~tactically~*~*~ (hiding).
  2154 | D:3      | 2154 ||| READING scroll of teleportation.
  2236 | D:3      | Found a faded altar of an unknown god.
  2311 | D:3      | Found an ornate altar of the Wu Jian Council.
  2346 | D:3      | Found a glowing silver altar of Zin.
  2374 | D:3      | 2374 ||| Stepping ~*~*~tactically~*~*~ (stealth).
  2376 | D:3      | 2376 ||| Stepping ~*~*~tactically~*~*~ (stealth).
  2378 | D:3      | 2378 ||| Stepping ~*~*~tactically~*~*~ (stealth).
  2380 | D:3      | 2380 ||| Stepping ~*~*~tactically~*~*~ (stealth).
  2382 | D:3      | 2382 ||| Stepping ~*~*~tactically~*~*~ (stealth).
  2384 | D:3      | 2384 ||| Stepping ~*~*~tactically~*~*~ (stealth).
  2386 | D:3      | 2386 ||| Stepping ~*~*~tactically~*~*~ (stealth).
  2388 | D:3      | 2388 ||| Stepping ~*~*~tactically~*~*~ (stealth).
  2390 | D:3      | 2390 ||| Stepping ~*~*~tactically~*~*~ (stealth).
  2392 | D:3      | 2392 ||| Stepping ~*~*~tactically~*~*~ (stealth).
  2394 | D:3      | 2394 ||| Stepping ~*~*~tactically~*~*~ (stealth).
  2395 | D:3      | 2395 ||| Stepping ~*~*~tactically~*~*~ (stealth).
  2400 | D:3      | HP: 2/38 [ogre/+0 giant spiked club (36)]
  2401 | D:3      | 2401 ||| INVOKING Fiery Armour.
  2404 | D:3      | Reached skill level 6 in Axes
  2873 | D:3      | 2873 ||| DROPPING ring of flight.
  2874 | D:3      | 2874 ||| READING scroll labelled WURCHOIDDYU.
  2875 | D:3      | 2875 ||| READING scroll labelled ZICRANTUUQ.
  2876 | D:3      | 2876 ||| READING scroll labelled WUICWA UDEAGA.
  2877 | D:3      | 2877 ||| DRINKING 3 glowing dark potions.
  2878 | D:3      | 2878 ||| READING 2 scrolls of identify.
  2878 | D:3      | 2878 ||| IDENTIFYING bubbling clear potion
  2879 | D:3      | 2879 ||| DROPPING potion of degeneration.
  2906 | D:4      | 2906 ||| PLANNING OSSUARY
  2982 | D:4      | Found a sand-covered staircase.
  2983 | D:4      | 2983 ||| DRINKING 2 bubbling black potions.
  2988 | Ossuary  | Entered an ossuary
  3026 | Ossuary  | 3026 ||| INVOKING Fiery Armour.
  3030 | Ossuary  | Reached XP level 7. HP: 43/43 MP: 8/8
  3132 | Ossuary  | 3132 ||| INVOKING Fiery Armour.
  3134 | Ossuary  | Reached skill level 7 in Axes
  3166 | Ossuary  | Reached skill level 1 in Armour
  3189 | Ossuary  | Identified the +8 spear of Cechua {drain, rPois rC++ Dex+4}
  3192 | Ossuary  | 3192 ||| READING scroll of teleportation.
  3201 | Ossuary  | 3201 ||| READING scroll labelled UNIRICH JO MIUBO.
  3202 | Ossuary  | 3202 ||| READING scroll labelled ULOAXE PIMNIEG.
  3203 | Ossuary  | 3203 ||| DRINKING 2 glowing ruby potions.
  3204 | Ossuary  | 3204 ||| DROPPING potion of flight.
  3210 | D:4      | 3210 ||| PLANNING D:1-11
  3241 | D:4      | Found an iron altar of Okawaru.
  3241 | D:4      | Found a bloodstained altar of Trog.
  3363 | D:4      | Noticed Natasha
  3366 | D:4      | Killed Natasha
  3367 | D:4      | Reached XP level 8. HP: 47/49 MP: 9/9
  3374 | D:4      | Noticed Grinder
  3380 | D:4      | 3380 ||| Stepping ~*~*~tactically~*~*~ (hiding).
  3397 | D:4      | Paralysed by Grinder for 5 turns
  3402 | D:4      | 3402 ||| INVOKING Fiery Armour.
  3403 | D:4      | Killed Grinder
  3684 | D:4      | Noticed Pikel
  3685 | D:4      | 3685 ||| Stepping ~*~*~tactically~*~*~ (stealth).
  3687 | D:4      | 3687 ||| Stepping ~*~*~tactically~*~*~ (stealth).
  3689 | D:4      | 3689 ||| Stepping ~*~*~tactically~*~*~ (stealth).
  3697 | D:4      | 3697 ||| INVOKING Fiery Armour.
  3831 | D:4      | Killed Pikel
  3832 | D:4      | Reached skill level 9 in Axes
  3914 | D:4      | Noticed Natasha
  3923 | D:4      | Killed Natasha
  4039 | D:4      | Noticed Natasha
  4042 | D:4      | Killed Natasha
  4043 | D:4      | Reached skill level 1 in Dodging
  4185 | D:4      | 4185 ||| UPGRADING to +0 helmet.
  4190 | D:4      | 4190 ||| UPGRADING to +0 scale mail.
  4200 | D:4      | 4200 ||| DROPPING +0 leather armour.
  4201 | D:4      | 4201 ||| UPGRADING to +1 cloak.
  4206 | D:4      | 4206 ||| DRINKING 2 murky black potions.
  4310 | D:4      | 4310 ||| DRINKING 3 glowing black potions.
  4311 | D:4      | 4311 ||| DRINKING 5 potions of curing.
  4311 | D:4      | 4311 ||| (to cure confusion)
  4312 | D:4      | 4312 ||| DROPPING potion of berserk rage.
  4313 | D:4      | 4313 ||| DROPPING 2 potions of ambrosia.
  4361 | D:5      | Entered Level 5 of the Dungeon
  4392 | D:5      | 4392 ||| Stepping ~*~*~tactically~*~*~ (hiding).
  4405 | D:5      | 4405 ||| Stepping ~*~*~tactically~*~*~ (stealth).
  4417 | D:5      | Reached XP level 9. HP: 54/54 MP: 10/10
  4445 | D:5      | 4445 ||| READING scroll of teleportation.
  4469 | D:5      | Found a glowing golden altar of the Shining One.
  4494 | D:5      | 4494 ||| READING scroll of teleportation.
  4497 | D:5      | Noticed Menkaure
  4498 | D:5      | 4498 ||| Stepping ~*~*~tactically~*~*~ (hiding).
  4507 | D:5      | Killed Menkaure
  4618 | D:5      | Reached skill level 6 in Fighting
  4928 | D:5      | 4928 ||| READING scroll of teleportation.
  4987 | D:5      | Found a runed translucent door.
  4988 | D:5      | Noticed Crazy Yiuf
  5017 | D:5      | Found Pulimalo's Book Shoppe.
  5022 | D:5      | 5022 ||| PLANNING D:1-11
  5022 | D:5      | 5022 ||| PLANNING D:1-11
  5022 | D:5      | 5022 ||| PLANNING D:1-11
  5451 | D:5      | 5451 ||| UPGRADING to +0 crystal plate armour.
  5461 | D:5      | 5461 ||| DROPPING +0 scale mail.
  5462 | D:5      | 5462 ||| UPGRADING to +0 pair of boots.
  5467 | D:5      | 5467 ||| READING scroll labelled ROFUOSCHILO.
  5552 | D:6      | 5552 ||| INVOKING Fiery Armour.
  5553 | D:6      | 5553 ||| STAIRDANCE
  5730 | D:6      | 5730 ||| INVOKING Fiery Armour.
  5733 | D:6      | 5733 ||| STAIRDANCE
  6049 | D:6      | 6049 ||| Stepping ~*~*~tactically~*~*~ (hiding).
  6126 | D:6      | 6126 ||| Stepping ~*~*~tactically~*~*~ (stealth).
  6127 | D:6      | 6127 ||| PLANNING D:1-11
  6143 | D:6      | Found a blossoming altar of Fedhas.
  6169 | D:6      | Reached skill level 6 in Armour
  6176 | D:6      | 6176 ||| Stepping ~*~*~tactically~*~*~ (hiding).
  6282 | D:6      | 6282 ||| READING scroll of enchant armour.
  6282 | D:6      | 6282 ||| ENCHANTING +0 crystal plate armour.
  6291 | D:6      | 6291 ||| Stepping ~*~*~tactically~*~*~ (hiding).
  6323 | D:6      | 6323 ||| INVOKING Fiery Armour.
  6644 | D:6      | 6644 ||| Stepping ~*~*~tactically~*~*~ (hiding).
  6663 | D:6      | 6663 ||| Stepping ~*~*~tactically~*~*~ (stealth).
  6797 | D:6      | Reached XP level 10. HP: 63/63 MP: 11/11
  6951 | D:6      | 6951 ||| UPGRADING to +0 pair of gloves.
  6956 | D:6      | 6956 ||| DROPPING amulet of magic regeneration.
  6957 | D:6      | 6957 ||| DRINKING 2 sedimented cyan potions.
  6958 | D:6      | 6958 ||| READING 3 scrolls of identify.
  6958 | D:6      | 6958 ||| IDENTIFYING glowing golden potion
  6959 | D:6      | 6959 ||| READING 2 scrolls of identify.
  6959 | D:6      | 6959 ||| IDENTIFYING inky potion
  6960 | D:6      | 6960 ||| DROPPING potion of lignification.
  6961 | D:6      | 6961 ||| DROPPING potion of invisibility.
  7003 | D:7      | 7003 ||| Stepping ~*~*~tactically~*~*~ (stealth).
  7008 | D:7      | 7008 ||| INVOKING Fiery Armour.
  7011 | D:7      | Reached skill level 3 in Throwing
  7152 | D:7      | Reached skill level 9 in Armour
  7165 | D:7      | Found a staircase to the Ecumenical Temple.
  7179 | D:7      | Found Baathrany's Magic Scroll Shop.
  7188 | D:7      | 7188 ||| BUYING scroll of enchant weapon (112 gold).
  7188 | D:7      | Bought a scroll of enchant weapon for 112 gold pieces
  7188 | D:7      | 7188 ||| BUYING scroll of identify (30 gold).
  7188 | D:7      | Bought a scroll of identify for 30 gold pieces
  7188 | D:7      | 7188 ||| BUYING scroll of teleportation (45 gold).
  7188 | D:7      | Bought a scroll of teleportation for 45 gold pieces
  7188 | D:7      | 7188 ||| BUYING scroll of teleportation (45 gold).
  7188 | D:7      | Bought a scroll of teleportation for 45 gold pieces
  7188 | D:7      | 7188 ||| READING scroll of enchant weapon.
  7188 | D:7      | 7188 ||| ENCHANTING +0 heavy war axe.
  7207 | D:7      | 7207 ||| Stepping ~*~*~tactically~*~*~ (stealth).
  7214 | D:7      | 7214 ||| Stepping ~*~*~tactically~*~*~ (hiding).
  7431 | D:7      | Found a basalt altar of Yredelemnul.
  7474 | D:7      | 7474 ||| READING scroll of enchant weapon.
  7474 | D:7      | 7474 ||| ENCHANTING +1 heavy war axe.
  7521 | D:7      | Found a snail-covered altar of Cheibriados.
  7646 | D:7      | Found Wikatifa's Antique Weapon Shop.
  7666 | D:7      | 7666 ||| UPGRADING to amulet of reflection.
  7671 | D:7      | 7671 ||| READING scroll labelled AWUMIV JUEVVUL.
  7712 | D:7      | 7712 ||| READING 3 scrolls of identify.
  7712 | D:7      | 7712 ||| IDENTIFYING brown potion
  7713 | D:7      | 7713 ||| READING 2 scrolls of identify.
  7713 | D:7      | 7713 ||| IDENTIFYING sedimented white potion
  7714 | D:7      | 7714 ||| DROPPING potion of attraction.
  7786 | D:8      | 7786 ||| Stepping ~*~*~tactically~*~*~ (stealth).
  7804 | D:8      | 7804 ||| Stepping ~*~*~tactically~*~*~ (stealth).
  7807 | D:8      | 7807 ||| Stepping ~*~*~tactically~*~*~ (stealth).
  7809 | D:8      | 7809 ||| Stepping ~*~*~tactically~*~*~ (stealth).
  7831 | D:8      | Reached skill level 10 in Axes
  8111 | D:8      | Found a sacrificial altar of Ru.
  8157 | D:8      | 8157 ||| INVOKING Fiery Armour.
  8455 | D:8      | Found a staircase to the Lair.
  8474 | D:8      | 8474 ||| Stepping ~*~*~tactically~*~*~ (hiding).
  8475 | D:8      | 8475 ||| Stepping ~*~*~tactically~*~*~ (hiding).
  8516 | D:8      | 8516 ||| Stepping ~*~*~tactically~*~*~ (stealth).
  8517 | D:8      | 8517 ||| Stepping ~*~*~tactically~*~*~ (hiding).
  8804 | D:8      | Found a white marble altar of Elyvilon.
  9157 | D:8      | 9157 ||| PLANNING LAIR
  9157 | D:8      | 9157 ||| DROPPING +1 cloak.
  9158 | D:8      | 9158 ||| DROPPING amulet of the acrobat.
  9159 | D:8      | 9159 ||| READING 3 scrolls of identify.
  9159 | D:8      | 9159 ||| IDENTIFYING metallic white potion
  9199 | Lair:1   | Entered Level 1 of the Lair of Beasts
  9199 | Lair:1   | Noticed a cane toad
  9207 | Lair:1   | 9207 ||| STAIRDANCE
  9210 | D:8      | Killed a cane toad
  9316 | Lair:1   | 9316 ||| INVOKING Fiery Armour.
  9323 | Lair:1   | HP: 15/64 [yak (9)]
  9324 | Lair:1   | 9324 ||| READING 4 scrolls of teleportation.
  9325 | Lair:1   | 9325 ||| DRINKING 7 potions of heal wounds.
  9439 | Lair:1   | 9439 ||| INVOKING Fiery Armour.
  9447 | Lair:1   | Reached XP level 11. HP: 63/68 MP: 12/12
  9452 | Lair:1   | Reached skill level 11 in Axes
  9502 | Lair:1   | 9502 ||| PLANNING OKAWARU WORSHIP
 10197 | D:4      | Fell from the grace of Ignis
 10197 | D:4      | Became a worshipper of Warmaster Okawaru
 10198 | D:4      | 10198 ||| PLANNING LAIR
 10324 | Lair:1   | Reached skill level 9 in Fighting
 10735 | Lair:1   | You fall into a shaft and drop 1 floor!
 10736 | Lair:2   | 10736 ||| Stepping ~*~*~tactically~*~*~ (stealth).
 10739 | Lair:2   | 10739 ||| Stepping ~*~*~tactically~*~*~ (stealth).
 10743 | Lair:2   | 10743 ||| Stepping ~*~*~tactically~*~*~ (stealth).
 10747 | Lair:2   | 10747 ||| Stepping ~*~*~tactically~*~*~ (stealth).
 10762 | Lair:2   | Noticed Amaemon
 10763 | Lair:2   | 10763 ||| Stepping ~*~*~tactically~*~*~ (hiding).
 10771 | Lair:2   | 10771 ||| Stepping ~*~*~tactically~*~*~ (hiding).
 10792 | Lair:2   | Killed Amaemon
 10792 | Lair:2   | Reached * piety under Okawaru
 10793 | Lair:2   | 10793 ||| INVOKING Heroism.
 10803 | Lair:2   | 10803 ||| INVOKING Heroism.
 10805 | Lair:2   | Reached skill level 1 in Invocations
 10842 | Lair:2   | 10842 ||| Stepping ~*~*~tactically~*~*~ (stealth).
 10846 | Lair:2   | 10846 ||| Stepping ~*~*~tactically~*~*~ (stealth).
 10847 | Lair:2   | Noticed a catoblepas
 10848 | Lair:2   | 10848 ||| INVOKING Heroism.
 10857 | Lair:2   | Killed a catoblepas
 10879 | Lair:2   | 10879 ||| Stepping ~*~*~tactically~*~*~ (stealth).
 10880 | Lair:2   | 10880 ||| INVOKING Heroism.
 10922 | Lair:2   | 10922 ||| Stepping ~*~*~tactically~*~*~ (stealth).
 10943 | Lair:2   | You fall into a shaft and drop 2 floors!
 10943 | Lair:4   | Noticed a catoblepas
 10944 | Lair:4   | 10944 ||| INVOKING Heroism.
 10953 | Lair:4   | Killed a catoblepas
 10954 | Lair:4   | Reached skill level 3 in Invocations
 10994 | Lair:3   | Noticed a lindwurm
 10995 | Lair:3   | 10995 ||| INVOKING Heroism.
 10999 | Lair:3   | Reached skill level 12 in Axes
 11005 | Lair:3   | Killed a lindwurm
 11005 | Lair:3   | Reached ** piety under Okawaru
 11006 | Lair:3   | Reached XP level 12. HP: 56/76 MP: 12/15
 11043 | Lair:3   | 11043 ||| DRINKING 7 potions of curing.
 11043 | Lair:3   | 11043 ||| (to cure confusion)
 11047 | Lair:3   | 11047 ||| INVOKING Heroism.
 11048 | Lair:3   | HP: 15/76 [fire elemental[the fiery vengeance of Ignis]
                  | (5)]
 11049 | Lair:3   | 11049 ||| READING 3 scrolls of teleportation.
 11050 | Lair:3   | 11050 ||| DRINKING 6 potions of heal wounds.
 11055 | Lair:3   | HP: 15/76 [elephant (7)]
 11056 | Lair:3   | 11056 ||| READING 2 scrolls of teleportation.
 11057 | Lair:3   | 11057 ||| DRINKING 5 potions of heal wounds.
 11060 | Lair:3   | 11060 ||| DRINKING 4 potions of heal wounds.
 11062 | Lair:3   | Reached skill level 12 in Armour
 11062 | Lair:3   | HP: 18/76 [elephant (8)]
 11063 | Lair:3   | 11063 ||| READING scroll of teleportation.
 11064 | Lair:3   | 11064 ||| DRINKING 3 potions of heal wounds.
 11078 | Lair:3   | 11078 ||| INVOKING Heroism.
 11207 | Lair:3   | 11207 ||| INVOKING Heroism.
 11332 | Lair:3   | Found a staircase to the Swamp.
 11333 | Lair:3   | 11333 ||| Stepping ~*~*~tactically~*~*~ (hiding).
 11365 | Lair:3   | Reached *** piety under Okawaru
 11460 | Lair:3   | 11460 ||| Stepping ~*~*~tactically~*~*~ (hiding).
 11461 | Lair:3   | 11461 ||| Stepping ~*~*~tactically~*~*~ (hiding).
 11508 | Lair:3   | 11508 ||| INVOKING Heroism.
 11681 | Lair:3   | Found a sacrificial altar of Ru.
 11759 | Lair:3   | 11759 ||| READING scroll of enchant armour.
 11759 | Lair:3   | 11759 ||| ENCHANTING +1 crystal plate armour.
 11774 | Lair:3   | 11774 ||| Stepping ~*~*~tactically~*~*~ (stealth).
 11789 | Lair:3   | 11789 ||| INVOKING Heroism.
 11938 | Lair:3   | Received a gift from Okawaru
 11939 | Lair:3   | Reached skill level 13 in Axes
 11956 | Lair:3   | 11956 ||| Stepping ~*~*~tactically~*~*~ (stealth).
 11974 | Lair:3   | 11974 ||| Stepping ~*~*~tactically~*~*~ (stealth).
 11980 | Lair:3   | Noticed a seven-headed hydra
 11981 | Lair:3   | 11981 ||| INVOKING Heroism.
 11988 | Lair:3   | 11988 ||| SWAPPING to +3 hand axe of flaming.
 11995 | Lair:3   | Killed a one-headed hydra
 11996 | Lair:3   | 11996 ||| SWAPPING to +2 heavy war axe.
 12001 | Lair:3   | Reached **** piety under Okawaru
 12008 | Lair:3   | 12008 ||| INVOKING Heroism.
 12126 | Lair:3   | 12126 ||| UPGRADING to +1 pair of gloves of infusion.
 12136 | Lair:3   | 12136 ||| DROPPING +0 pair of gloves.
 12229 | Lair:2   | 12229 ||| Stepping ~*~*~tactically~*~*~ (stealth).
 12232 | Lair:2   | You fall into a shaft and drop 2 floors!
 12233 | Lair:4   | 12233 ||| Stepping ~*~*~tactically~*~*~ (stealth).
 12261 | Lair:4   | 12261 ||| DROPPING scarf of invisibility.
 12262 | Lair:4   | 12262 ||| READING scroll labelled YSODWIENEO.
 12289 | Lair:4   | 12289 ||| INVOKING Heroism.
 12326 | Lair:4   | 12326 ||| Stepping ~*~*~tactically~*~*~ (stealth).
 12327 | Lair:4   | 12327 ||| INVOKING Heroism.
 12610 | Lair:1   | 12610 ||| DRINKING 6 potions of curing.
 12610 | Lair:1   | 12610 ||| (to cure confusion)
 12616 | Lair:1   | 12616 ||| INVOKING Heroism.
 12842 | Lair:2   | Found a hole to the Spider Nest.
 12923 | Lair:2   | Noticed a seven-headed hydra
 12924 | Lair:2   | 12924 ||| INVOKING Heroism.
 12927 | Lair:2   | 12927 ||| Stepping ~*~*~tactically~*~*~ (stealth).
 12930 | Lair:2   | 12930 ||| SWAPPING to +3 hand axe of flaming.
 12933 | Lair:2   | Killed a four-headed hydra
 12934 | Lair:2   | Reached XP level 13. HP: 82/82 MP: 12/17
 12934 | Lair:2   | 12934 ||| SWAPPING to +2 heavy war axe.
 13003 | Lair:2   | 13003 ||| INVOKING Heroism.
 13343 | Lair:2   | 13343 ||| Stepping ~*~*~tactically~*~*~ (stealth).
 13344 | Lair:2   | 13344 ||| Stepping ~*~*~tactically~*~*~ (stealth).
 13345 | Lair:2   | 13345 ||| Stepping ~*~*~tactically~*~*~ (stealth).
 13349 | Lair:2   | 13349 ||| Stepping ~*~*~tactically~*~*~ (stealth).
 13350 | Lair:2   | 13350 ||| Stepping ~*~*~tactically~*~*~ (stealth).
 13351 | Lair:2   | 13351 ||| Stepping ~*~*~tactically~*~*~ (stealth).
 13356 | Lair:2   | 13356 ||| Stepping ~*~*~tactically~*~*~ (stealth).
 13375 | Lair:2   | 13375 ||| Stepping ~*~*~tactically~*~*~ (stealth).
 13376 | Lair:2   | 13376 ||| Stepping ~*~*~tactically~*~*~ (stealth).
 13380 | Lair:2   | 13380 ||| Stepping ~*~*~tactically~*~*~ (stealth).
 13381 | Lair:2   | 13381 ||| Stepping ~*~*~tactically~*~*~ (stealth).
 13437 | Lair:2   | Found a transporter.
 13442 | Lair:2   | Found a transporter.
 13484 | Lair:2   | Noticed qw's ghost (journeyman GrCA)
 13696 | Lair:3   | 13696 ||| Stepping ~*~*~tactically~*~*~ (stealth).
 13727 | Lair:3   | Reached skill level 6 in Invocations
 14149 | Lair:4   | 14149 ||| Stepping ~*~*~tactically~*~*~ (stealth).
 14150 | Lair:4   | 14150 ||| Stepping ~*~*~tactically~*~*~ (stealth).
 14151 | Lair:4   | 14151 ||| Stepping ~*~*~tactically~*~*~ (stealth).
 14155 | Lair:4   | Was forgiven by Ignis
 14190 | Lair:4   | 14190 ||| INVOKING Heroism.
 14195 | Lair:4   | 14195 ||| SWAPPING to +3 hand axe of flaming.
 14203 | Lair:4   | 14203 ||| SWAPPING to +2 heavy war axe.
 14285 | Lair:4   | 14285 ||| Stepping ~*~*~tactically~*~*~ (stealth).
 14329 | Lair:4   | Found a viscous altar of Jiyva.
 14329 | Lair:4   | Found a staircase to the Slime Pits.
 14336 | Lair:4   | 14336 ||| Stepping ~*~*~tactically~*~*~ (stealth).
 14339 | Lair:4   | 14339 ||| Stepping ~*~*~tactically~*~*~ (stealth).
 14340 | Lair:4   | 14340 ||| Stepping ~*~*~tactically~*~*~ (stealth).
 14341 | Lair:4   | 14341 ||| Stepping ~*~*~tactically~*~*~ (stealth).
 14342 | Lair:4   | 14342 ||| Stepping ~*~*~tactically~*~*~ (stealth).
 14408 | Lair:4   | 14408 ||| Stepping ~*~*~tactically~*~*~ (stealth).
 14410 | Lair:4   | 14410 ||| INVOKING Heroism.
 14414 | Lair:4   | 14414 ||| Stepping ~*~*~tactically~*~*~ (hiding).
 14419 | Lair:4   | 14419 ||| SWAPPING to +3 hand axe of flaming.
 14430 | Lair:4   | 14430 ||| SWAPPING to +2 heavy war axe.
 24405 | Lair:4   | 24405 ||| PLANNING LAIR
 24405 | Lair:4   | 24405 ||| PLANNING LAIR
 28705 | Lair:4   | 28705 ||| PLANNING LAIR
 28765 | Lair:4   | 28765 ||| INVOKING Heroism.
 28766 | Lair:4   | 28766 ||| PLANNING LAIR
 28767 | Lair:4   | Reached skill level 14 in Axes
 28967 | Lair:4   | 28967 ||| Stepping ~*~*~tactically~*~*~ (hiding).
 28969 | Lair:4   | 28969 ||| Stepping ~*~*~tactically~*~*~ (hiding).
 28970 | Lair:4   | 28970 ||| Stepping ~*~*~tactically~*~*~ (hiding).
 29054 | Lair:4   | 29054 ||| INVOKING Heroism.
 29269 | Lair:4   | Identified the +0 quarterstaff "Yjootuam" {drain, Will+}
 29350 | Lair:4   | 29350 ||| INVOKING Heroism.
 29421 | Lair:4   | 29421 ||| Stepping ~*~*~tactically~*~*~ (stealth).
 29422 | Lair:4   | 29422 ||| Stepping ~*~*~tactically~*~*~ (stealth).
 29677 | Lair:4   | 29677 ||| DROPPING +6 ring of intelligence.
 29699 | Lair:5   | Entered Level 5 of the Lair of Beasts
 29810 | Lair:5   | Noticed an ice dragon
 29840 | Lair:5   | 29840 ||| Stepping ~*~*~tactically~*~*~ (hiding).
 29873 | Lair:5   | 29873 ||| INVOKING Heroism.
 29911 | Lair:5   | Found a runed translucent door.
 29911 | Lair:5   | Noticed qw's ghost (journeyman GrCA)
 29968 | Lair:5   | 29968 ||| Stepping ~*~*~tactically~*~*~ (stealth).
 29995 | Lair:5   | Received a gift from Okawaru
 30036 | Lair:5   | 30036 ||| Stepping ~*~*~tactically~*~*~ (hiding).
 30037 | Lair:5   | 30037 ||| INVOKING Heroism.
 30043 | Lair:5   | 30043 ||| SWAPPING to +3 hand axe of flaming.
 30049 | Lair:5   | 30049 ||| SWAPPING to +2 heavy war axe.
 30119 | Lair:5   | 30119 ||| INVOKING Heroism.
 30316 | Lair:5   | 30316 ||| Stepping ~*~*~tactically~*~*~ (stealth).
 30325 | Lair:5   | Gained mutation: Your large and strong wings let you fly.
                  | [Gargoyle growth]
 30325 | Lair:5   | Reached XP level 14. HP: 90/90 MP: 14/19
 30335 | Lair:5   | 30335 ||| Stepping ~*~*~tactically~*~*~ (stealth).
 30376 | Lair:5   | 30376 ||| Stepping ~*~*~tactically~*~*~ (stealth).
 30585 | Lair:5   | 30585 ||| Stepping ~*~*~tactically~*~*~ (stealth).
 30640 | Lair:5   | 30640 ||| INVOKING Heroism.
 30641 | Lair:5   | 30641 ||| Stepping ~*~*~tactically~*~*~ (hiding).
 30686 | Lair:5   | 30686 ||| Stepping ~*~*~tactically~*~*~ (stealth).
 30843 | Lair:5   | 30843 ||| Stepping ~*~*~tactically~*~*~ (stealth).
 30845 | Lair:5   | 30845 ||| INVOKING Heroism.
 30859 | Lair:5   | Reached ***** piety under Okawaru
 30865 | Lair:5   | 30865 ||| INVOKING Finesse.
 30876 | Lair:5   | 30876 ||| Stepping ~*~*~tactically~*~*~ (hiding).
 30934 | Lair:5   | 30934 ||| INVOKING Heroism.
 30936 | Lair:5   | Reached skill level 9 in Invocations
 30948 | Lair:5   | 30948 ||| Stepping ~*~*~tactically~*~*~ (stealth).
 31106 | Lair:5   | 31106 ||| INVOKING Heroism.
 31119 | Lair:5   | Reached skill level 15 in Axes
 31173 | Lair:5   | Found the +1 robe of Vines {NoPotionHeal Regen++++}
 31190 | Lair:5   | 31190 ||| READING scroll of enchant weapon.
 31190 | Lair:5   | 31190 ||| ENCHANTING +2 heavy war axe.
 31325 | Lair:5   | 31325 ||| INVOKING Heroism.
 31380 | Lair:5   | 31380 ||| INVOKING Heroism.
 31412 | Lair:5   | 31412 ||| INVOKING Heroism.
 31423 | Lair:5   | 31423 ||| Stepping ~*~*~tactically~*~*~ (cloud).
 31548 | Lair:5   | 31548 ||| INVOKING Heroism.
 31568 | Lair:5   | 31568 ||| Stepping ~*~*~tactically~*~*~ (cloud).
 31572 | Lair:5   | 31572 ||| INVOKING Heroism.
 31591 | Lair:5   | 31591 ||| Stepping ~*~*~tactically~*~*~ (cloud).
 31605 | Lair:5   | 31605 ||| Stepping ~*~*~tactically~*~*~ (cloud).
 31700 | Lair:5   | 31700 ||| INVOKING Heroism.
 31727 | Lair:5   | 31727 ||| Stepping ~*~*~tactically~*~*~ (cloud).
 31757 | Lair:5   | 31757 ||| INVOKING Heroism.
 31760 | Lair:5   | 31760 ||| Stepping ~*~*~tactically~*~*~ (cloud).
 31762 | Lair:5   | 31762 ||| Stepping ~*~*~tactically~*~*~ (cloud).
 31779 | Lair:5   | 31779 ||| Stepping ~*~*~tactically~*~*~ (cloud).
 31795 | Lair:5   | HP: 20/90 [ice beast[an ice statue] (9)]
 31796 | Lair:5   | 31796 ||| READING scroll of teleportation.
 31797 | Lair:5   | 31797 ||| DRINKING 4 potions of heal wounds.
 31833 | Lair:5   | 31833 ||| Stepping ~*~*~tactically~*~*~ (stealth).
 31837 | Lair:5   | 31837 ||| Stepping ~*~*~tactically~*~*~ (stealth).
 31838 | Lair:5   | 31838 ||| INVOKING Heroism.
 31882 | Lair:5   | 31882 ||| INVOKING Heroism.
 32148 | Lair:5   | 32148 ||| INVOKING Heroism.
 32182 | Lair:5   | 32182 ||| Stepping ~*~*~tactically~*~*~ (cloud).
 32184 | Lair:5   | 32184 ||| Stepping ~*~*~tactically~*~*~ (cloud).
 32187 | Lair:5   | 32187 ||| INVOKING Heroism.
 32221 | Lair:5   | 32221 ||| Stepping ~*~*~tactically~*~*~ (cloud).
 32222 | Lair:5   | 32222 ||| INVOKING Heroism.
 32231 | Lair:5   | 32231 ||| Stepping ~*~*~tactically~*~*~ (cloud).
 32365 | Lair:5   | 32365 ||| INVOKING Heroism.
 32391 | Lair:5   | 32391 ||| INVOKING Heroism.
 32401 | Lair:5   | 32401 ||| PLANNING LAIR
 32404 | Lair:5   | 32404 ||| Stepping ~*~*~tactically~*~*~ (cloud).
 32408 | Lair:5   | 32408 ||| PLANNING LAIR
 32410 | Lair:5   | 32410 ||| Stepping ~*~*~tactically~*~*~ (cloud).
 32419 | Lair:5   | 32419 ||| Stepping ~*~*~tactically~*~*~ (cloud).
 32420 | Lair:5   | 32420 ||| Stepping ~*~*~tactically~*~*~ (cloud).
 32421 | Lair:5   | 32421 ||| Stepping ~*~*~tactically~*~*~ (cloud).
 32434 | Lair:5   | 32434 ||| Stepping ~*~*~tactically~*~*~ (cloud).
 32549 | Lair:5   | Identified the staff of air "Binof" {rElec rF+}
 32647 | Lair:5   | 32647 ||| Stepping ~*~*~tactically~*~*~ (stealth).
 32648 | Lair:5   | 32648 ||| Stepping ~*~*~tactically~*~*~ (stealth).
 32649 | Lair:5   | 32649 ||| Stepping ~*~*~tactically~*~*~ (stealth).
 32660 | Lair:5   | 32660 ||| INVOKING Heroism.
 32673 | Lair:5   | Reached skill level 12 in Fighting
 32835 | Lair:5   | 32835 ||| INVOKING Heroism.
 33042 | Lair:5   | 33042 ||| READING scroll of enchant weapon.
 33042 | Lair:5   | 33042 ||| ENCHANTING +3 heavy war axe.
 33108 | Lair:5   | 33108 ||| Stepping ~*~*~tactically~*~*~ (stealth).
 33109 | Lair:5   | 33109 ||| Stepping ~*~*~tactically~*~*~ (stealth).
 33387 | Lair:5   | 33387 ||| PLANNING D:1-11
 33387 | Lair:5   | 33387 ||| UPGRADING to +0 cloak of willpower.
 33397 | Lair:5   | 33397 ||| UPGRADING to +0 buckler.
 33402 | Lair:5   | 33402 ||| UPGRADING to +2 buckler.
 33412 | Lair:5   | 33412 ||| DROPPING +0 buckler.
 33413 | Lair:5   | 33413 ||| UPGRADING to ring of protection from cold.
 33529 | D:9      | Found a broken altar of Ashenzari.
 33714 | D:9      | 33714 ||| PLANNING D:1-11
 33766 | D:9      | Reached skill level 1 in Shields
 33812 | D:9      | Found a stormy altar of Qazlal.
 33816 | D:9      | Found a sparkling altar of Nemelex Xobeh.
 33958 | D:9      | 33958 ||| Stepping ~*~*~tactically~*~*~ (hiding).
 33960 | D:9      | 33960 ||| Stepping ~*~*~tactically~*~*~ (hiding).
 34089 | D:9      | Noticed Prince Ribbit
 34095 | D:9      | Killed Prince Ribbit
 34252 | D:9      | Reached skill level 3 in Shields
 34263 | D:9      | Found an opulent altar of Gozag.
 34283 | D:10     | Entered Level 10 of the Dungeon
 34283 | D:10     | Noticed Josephine
 34283 | D:10     | Noticed Maurice
 34284 | D:10     | 34284 ||| Stepping ~*~*~tactically~*~*~ (hiding).
 34285 | D:10     | 34285 ||| Stepping ~*~*~tactically~*~*~ (hiding).
 34287 | D:10     | 34287 ||| Stepping ~*~*~tactically~*~*~ (hiding).
 34297 | D:10     | Killed Josephine
 34299 | D:10     | Killed Maurice
 34329 | D:10     | Noticed Urug
 34330 | D:10     | 34330 ||| INVOKING Heroism.
 34332 | D:10     | 34332 ||| Stepping ~*~*~tactically~*~*~ (hiding).
 34334 | D:10     | 34334 ||| Stepping ~*~*~tactically~*~*~ (hiding).
 34346 | D:10     | Killed Urug
 34513 | D:10     | 34513 ||| Stepping ~*~*~tactically~*~*~ (hiding).
 34514 | D:10     | 34514 ||| Stepping ~*~*~tactically~*~*~ (hiding).
 34588 | D:10     | Received a gift from Okawaru
 34609 | D:10     | 34609 ||| Stepping ~*~*~tactically~*~*~ (stealth).
 34610 | D:10     | 34610 ||| Stepping ~*~*~tactically~*~*~ (stealth).
 34995 | D:10     | Found a burning altar of Makhleb.
 35046 | D:10     | 35046 ||| Stepping ~*~*~tactically~*~*~ (hiding).
 35228 | D:10     | Reached skill level 6 in Shields
 35393 | D:11     | 35393 ||| INVOKING Heroism.
 35398 | D:11     | Received a gift from Okawaru
 35401 | D:11     | Reached XP level 15. HP: 58/96 MP: 11/22
 35569 | D:11     | 35569 ||| Stepping ~*~*~tactically~*~*~ (stealth).
 35574 | D:11     | Noticed Grum
 35574 | D:11     | 35574 ||| Stepping ~*~*~tactically~*~*~ (hiding).
 35582 | D:11     | Killed Grum
 35587 | D:11     | 35587 ||| Stepping ~*~*~tactically~*~*~ (hiding).
 35708 | D:11     | Found Damuegh Gath's Magic Scroll Shop.
 35741 | D:11     | 35741 ||| BUYING scroll of acquirement (832 gold).
 35741 | D:11     | Bought a scroll of acquirement for 832 gold pieces
 35741 | D:11     | 35741 ||| BUYING scroll of identify (32 gold).
 35741 | D:11     | Bought a scroll of identify for 32 gold pieces
 35741 | D:11     | 35741 ||| READING scroll of acquirement.
 35741 | D:11     | 35741 ||| ACQUIRING +12 broad axe "Ulitar" {vamp, Str+3
                  | Dex+2}
 35741 | D:11     | Acquired the +12 broad axe "Ulitar" {vamp, Str+3 Dex+2}
 35743 | D:11     | 35743 ||| SWAPPING to +12 broad axe "Ulitar" {vamp, Str+3
                  | Dex+2}.
 35744 | D:11     | 35744 ||| DROPPING +4 heavy war axe.
 35814 | D:11     | Noticed Nergalle
 35818 | D:11     | Killed Nergalle
 35835 | D:11     | 35835 ||| Stepping randomly (disturbance).
 36096 | D:11     | 36096 ||| Stepping ~*~*~tactically~*~*~ (hiding).
 36219 | D:11     | Found a staircase to the Orcish Mines.
 36522 | D:11     | 36522 ||| PLANNING D
 36618 | D:12     | Received a gift from Okawaru
 36668 | D:12     | 36668 ||| Stepping ~*~*~tactically~*~*~ (hiding).
 36729 | D:12     | 36729 ||| Stepping ~*~*~tactically~*~*~ (stealth).
 36731 | D:12     | 36731 ||| Stepping ~*~*~tactically~*~*~ (stealth).
 36832 | D:12     | 36832 ||| Stepping ~*~*~tactically~*~*~ (hiding).
 36833 | D:12     | 36833 ||| Stepping ~*~*~tactically~*~*~ (hiding).
 36869 | D:12     | 36869 ||| Stepping ~*~*~tactically~*~*~ (stealth).
 36870 | D:12     | 36870 ||| Stepping ~*~*~tactically~*~*~ (stealth).
 36871 | D:12     | 36871 ||| Stepping ~*~*~tactically~*~*~ (stealth).
 36873 | D:12     | 36873 ||| Stepping ~*~*~tactically~*~*~ (hiding).
 36874 | D:12     | 36874 ||| Stepping ~*~*~tactically~*~*~ (hiding).
 37060 | D:12     | 37060 ||| Stepping ~*~*~tactically~*~*~ (stealth).
 37072 | D:12     | Reached skill level 6 in Throwing
 37077 | D:12     | 37077 ||| Stepping ~*~*~tactically~*~*~ (hiding).
 37078 | D:12     | 37078 ||| Stepping ~*~*~tactically~*~*~ (hiding).
 37230 | D:12     | 37230 ||| INVOKING Heroism.
 37462 | D:12     | 37462 ||| UPGRADING to ring of see invisible.
 37463 | D:12     | 37463 ||| READING scroll labelled ROUTON SEEWNUE.
 37583 | D:13     | 37583 ||| Stepping ~*~*~tactically~*~*~ (stealth).
 37692 | D:13     | 37692 ||| Stepping ~*~*~tactically~*~*~ (hiding).
 37701 | D:13     | Identified the +1 hat of the Tundras {-Tele Rampage rPois
                  | SInv} (Okawaru gifted it to you on level 13 of the Dungeon)
 37701 | D:13     | Received a gift from Okawaru
 38002 | D:13     | 38002 ||| INVOKING Heroism.
 38003 | D:13     | 38003 ||| INVOKING Finesse.
 38006 | D:13     | 38006 ||| SWAPPING to +3 hand axe of flaming.
 38009 | D:13     | 38009 ||| SWAPPING to +12 broad axe "Ulitar" {vamp, Str+3
                  | Dex+2}.
 38444 | D:13     | 38444 ||| Stepping ~*~*~tactically~*~*~ (hiding).
 38445 | D:13     | 38445 ||| Stepping ~*~*~tactically~*~*~ (hiding).
 38451 | D:13     | 38451 ||| INVOKING Heroism.
 38758 | D:13     | 38758 ||| Stepping ~*~*~tactically~*~*~ (hiding).
 38771 | D:13     | 38771 ||| Stepping ~*~*~tactically~*~*~ (hiding).
 38860 | D:13     | Reached skill level 16 in Axes
 38906 | D:13     | Identified the staff of conjuration "Kiteopt" {rF++ rC+}
 39252 | D:13     | 39252 ||| UPGRADING to +2 kite shield of cold resistance.
 39262 | D:13     | 39262 ||| DROPPING +2 buckler.
 39263 | D:13     | 39263 ||| DROPPING scarf of shadows.
 39346 | D:14     | 39346 ||| Stepping ~*~*~tactically~*~*~ (stealth).
 39346 | D:14     | Noticed Frances
 39347 | D:14     | 39347 ||| INVOKING Heroism.
 39352 | D:14     | 39352 ||| INVOKING Finesse.
 39363 | D:14     | Killed Frances
 39559 | D:14     | 39559 ||| INVOKING Heroism.
 39560 | D:14     | 39560 ||| INVOKING Finesse.
 39565 | D:14     | 39565 ||| SWAPPING to +3 hand axe of flaming.
 39570 | D:14     | Reached skill level 9 in Shields
 39570 | D:14     | 39570 ||| SWAPPING to +12 broad axe "Ulitar" {vamp, Str+3
                  | Dex+2}.
 39666 | D:14     | Found a gate to the Vaults.
 39667 | D:14     | 39667 ||| INVOKING Heroism.
 39690 | D:14     | 39690 ||| SWAPPING to +3 hand axe of flaming.
 39693 | D:14     | Received a gift from Okawaru
 39694 | D:14     | 39694 ||| SWAPPING to +12 broad axe "Ulitar" {vamp, Str+3
                  | Dex+2}.
 39908 | D:14     | 39908 ||| Stepping ~*~*~tactically~*~*~ (hiding).
 40204 | D:14     | 40204 ||| Stepping ~*~*~tactically~*~*~ (hiding).
 40205 | D:14     | 40205 ||| Stepping ~*~*~tactically~*~*~ (hiding).
 40262 | D:14     | 40262 ||| UPGRADING to +1 pair of boots.
 40272 | D:14     | 40272 ||| DROPPING +0 pair of boots.
 40273 | D:14     | 40273 ||| DROPPING amulet of guardian spirit.
 40294 | D:15     | Entered Level 15 of the Dungeon
 40325 | D:15     | 40325 ||| Stepping ~*~*~tactically~*~*~ (hiding).
 40327 | D:15     | 40327 ||| Stepping ~*~*~tactically~*~*~ (hiding).
 40328 | D:15     | 40328 ||| Stepping ~*~*~tactically~*~*~ (hiding).
 40330 | D:15     | 40330 ||| Stepping ~*~*~tactically~*~*~ (hiding).
 40337 | D:15     | Reached XP level 16. HP: 101/101 MP: 19/23
 40358 | D:15     | 40358 ||| Stepping ~*~*~tactically~*~*~ (stealth).
 40361 | D:15     | 40361 ||| Stepping ~*~*~tactically~*~*~ (hiding).
 40369 | D:15     | Received a gift from Okawaru
 40402 | D:15     | 40402 ||| Stepping ~*~*~tactically~*~*~ (hiding).
 40407 | D:15     | 40407 ||| Stepping ~*~*~tactically~*~*~ (hiding).
 40453 | D:15     | 40453 ||| INVOKING Heroism.
 40462 | D:15     | 40462 ||| INVOKING Finesse.
 40533 | D:15     | 40533 ||| Stepping ~*~*~tactically~*~*~ (stealth).
 40536 | D:15     | 40536 ||| Stepping ~*~*~tactically~*~*~ (stealth).
 40573 | D:15     | 40573 ||| Stepping ~*~*~tactically~*~*~ (stealth).
 40574 | D:15     | 40574 ||| Stepping ~*~*~tactically~*~*~ (stealth).
 40580 | D:15     | Found a staircase to the Depths.
 40585 | D:15     | 40585 ||| Stepping ~*~*~tactically~*~*~ (stealth).
 40586 | D:15     | 40586 ||| Stepping ~*~*~tactically~*~*~ (stealth).
 40587 | D:15     | 40587 ||| Stepping ~*~*~tactically~*~*~ (stealth).
 40588 | D:15     | 40588 ||| Stepping ~*~*~tactically~*~*~ (stealth).
 40589 | D:15     | 40589 ||| Stepping ~*~*~tactically~*~*~ (stealth).
 40590 | D:15     | 40590 ||| Stepping ~*~*~tactically~*~*~ (stealth).
 40591 | D:15     | 40591 ||| Stepping ~*~*~tactically~*~*~ (stealth).
 40644 | D:15     | 40644 ||| Stepping ~*~*~tactically~*~*~ (hiding).
 40817 | D:15     | 40817 ||| Stepping ~*~*~tactically~*~*~ (stealth).
 40818 | D:15     | 40818 ||| Stepping ~*~*~tactically~*~*~ (stealth).
 40829 | D:15     | 40829 ||| Stepping ~*~*~tactically~*~*~ (stealth).
 40832 | D:15     | 40832 ||| Stepping ~*~*~tactically~*~*~ (stealth).
 40833 | D:15     | 40833 ||| Stepping ~*~*~tactically~*~*~ (stealth).
 40843 | D:15     | 40843 ||| INVOKING Heroism.
 40844 | D:15     | 40844 ||| READING 3 scrolls of teleportation.
 40965 | D:15     | 40965 ||| Stepping ~*~*~tactically~*~*~ (stealth).
 40968 | D:15     | 40968 ||| Stepping ~*~*~tactically~*~*~ (stealth).
 40979 | D:15     | 40979 ||| INVOKING Heroism.
 40988 | D:15     | Reached skill level 12 in Shields
 41330 | D:15     | 41330 ||| Stepping ~*~*~tactically~*~*~ (hiding).
 41333 | D:15     | 41333 ||| Stepping ~*~*~tactically~*~*~ (hiding).
 41543 | D:15     | 41543 ||| PLANNING ORC
 41543 | D:15     | 41543 ||| UPGRADING to +6 ring of dexterity.
 41660 | Orc:1    | Entered Level 1 of the Orcish Mines
 41692 | Orc:1    | 41692 ||| INVOKING Heroism.
 41694 | Orc:1    | Reached skill level 3 in Dodging
 41924 | Orc:1    | 41924 ||| Stepping ~*~*~tactically~*~*~ (hiding).
 41925 | Orc:1    | 41925 ||| INVOKING Heroism.
 42028 | Orc:1    | 42028 ||| Stepping ~*~*~tactically~*~*~ (hiding).
 42339 | Orc:2    | Entered Level 2 of the Orcish Mines
 42342 | Orc:2    | 42342 ||| INVOKING Heroism.
 42583 | Orc:2    | Found Jojunock's Antique Armour Shop.
 42583 | Orc:2    | Found Utocs's Antique Weapon Emporium.
 42583 | Orc:2    | Found Noewnoc's Distillery.
 42584 | Orc:2    | 42584 ||| INVOKING Heroism.
 42599 | Orc:2    | Reached skill level 15 in Armour
 42612 | Orc:2    | Found Votunidd's General Store.
 42665 | Orc:2    | 42665 ||| Stepping ~*~*~tactically~*~*~ (stealth).
 42754 | Orc:2    | 42754 ||| BUYING embroidered scarf (240 gold).
 42754 | Orc:2    | Bought an embroidered scarf for 240 gold pieces
 42756 | Orc:2    | 42756 ||| BUYING 2 potions of curing (60 gold).
 42756 | Orc:2    | Bought 2 potions of curing for 60 gold pieces
 42761 | Orc:2    | 42761 ||| BUYING potion of curing (45 gold).
 42761 | Orc:2    | Bought a potion of curing for 45 gold pieces
 42761 | Orc:2    | 42761 ||| BUYING potion of curing (45 gold).
 42761 | Orc:2    | Bought a potion of curing for 45 gold pieces
 42761 | Orc:2    | 42761 ||| BUYING potion of heal wounds (75 gold).
 42761 | Orc:2    | Bought a potion of heal wounds for 75 gold pieces
 42761 | Orc:2    | 42761 ||| BUYING potion of magic (120 gold).
 42761 | Orc:2    | Bought a potion of magic for 120 gold pieces
 42761 | Orc:2    | 42761 ||| BUYING potion of mutation (120 gold).
 42761 | Orc:2    | Bought a potion of mutation for 120 gold pieces
 42764 | Orc:2    | 42764 ||| Stepping ~*~*~tactically~*~*~ (stealth).
 42815 | Orc:2    | 42815 ||| INVOKING Heroism.
 42826 | Orc:2    | Received a gift from Okawaru
 42835 | Orc:2    | 42835 ||| Stepping ~*~*~tactically~*~*~ (hiding).
 43011 | Orc:2    | 43011 ||| Stepping ~*~*~tactically~*~*~ (hiding).
 43147 | Orc:2    | 43147 ||| Stepping ~*~*~tactically~*~*~ (hiding).
 43148 | Orc:2    | 43148 ||| INVOKING Heroism.
 43149 | Orc:2    | 43149 ||| Stepping ~*~*~tactically~*~*~ (hiding).
 43150 | Orc:2    | 43150 ||| Stepping ~*~*~tactically~*~*~ (hiding).
 43151 | Orc:2    | 43151 ||| Stepping ~*~*~tactically~*~*~ (hiding).
 43152 | Orc:2    | 43152 ||| Stepping ~*~*~tactically~*~*~ (hiding).
 43288 | Orc:2    | Found a staircase to the Elven Halls.
 43377 | Orc:2    | 43377 ||| PLANNING SPIDER:1-3
 43377 | Orc:2    | 43377 ||| PLANNING LAIR
 43633 | Lair:5   | 43633 ||| PLANNING SPIDER:1-3
 43727 | Spider:1 | Entered Level 1 of the Spider Nest
 43963 | Spider:1 | Received a gift from Okawaru
 44019 | Spider:1 | 44019 ||| INVOKING Heroism.
 44119 | Spider:1 | 44119 ||| DRINKING potion of cancellation.
 44296 | Spider:1 | 44296 ||| INVOKING Finesse.
 44302 | Spider:1 | 44302 ||| INVOKING Heroism.
 44559 | Spider:1 | 44559 ||| INVOKING Heroism.
 44566 | Spider:1 | 44566 ||| INVOKING Finesse.
 44572 | Spider:1 | 44572 ||| UPGRADING to ring of protection from fire.
 44825 | Spider:1 | 44825 ||| DROPPING ring of magical power.
 44893 | Spider:2 | 44893 ||| INVOKING Heroism.
 44902 | Spider:2 | Received a gift from Okawaru
 44982 | Spider:2 | 44982 ||| Stepping ~*~*~tactically~*~*~ (stealth).
 44988 | Spider:2 | 44988 ||| Stepping ~*~*~tactically~*~*~ (stealth).
 44989 | Spider:2 | 44989 ||| Stepping ~*~*~tactically~*~*~ (stealth).
 45068 | Spider:2 | 45068 ||| READING scroll of acquirement.
 45068 | Spider:2 | 45068 ||| ACQUIRING ring "Legagung" {rF+ rN+ Int+2 Dex+2}
 45068 | Spider:2 | Acquired the ring "Legagung" {rF+ rN+ Int+2 Dex+2}
 45070 | Spider:2 | 45070 ||| DROPPING ring of fire.
 45177 | Spider:2 | 45177 ||| Stepping ~*~*~tactically~*~*~ (stealth).
 45255 | Spider:2 | 45255 ||| Stepping ~*~*~tactically~*~*~ (hiding).
 45256 | Spider:2 | 45256 ||| Stepping ~*~*~tactically~*~*~ (hiding).
 45259 | Spider:2 | 45259 ||| Stepping ~*~*~tactically~*~*~ (hiding).
 45270 | Spider:2 | 45270 ||| INVOKING Heroism.
 45273 | Spider:2 | Received a gift from Okawaru
 45274 | Spider:2 | Reached skill level 17 in Axes
 45304 | Spider:2 | 45304 ||| Stepping ~*~*~tactically~*~*~ (stealth).
 45332 | Spider:2 | 45332 ||| INVOKING Heroism.
 45349 | Spider:2 | 45349 ||| INVOKING Heroism.
 45359 | Spider:2 | Reached XP level 17. HP: 50/107 MP: 9/24
 45380 | Spider:2 | 45380 ||| Stepping ~*~*~tactically~*~*~ (stealth).
 45384 | Spider:2 | 45384 ||| INVOKING Heroism.
 45751 | Spider:2 | 45751 ||| Stepping ~*~*~tactically~*~*~ (stealth).
 45776 | Spider:2 | 45776 ||| Stepping ~*~*~tactically~*~*~ (stealth).
 45873 | Spider:2 | 45873 ||| Stepping ~*~*~tactically~*~*~ (stealth).
 45874 | Spider:2 | 45874 ||| Stepping ~*~*~tactically~*~*~ (stealth).
 46027 | Spider:2 | 46027 ||| Stepping ~*~*~tactically~*~*~ (stealth).
 46068 | Spider:2 | 46068 ||| Stepping ~*~*~tactically~*~*~ (stealth).
 46073 | Spider:2 | 46073 ||| Stepping ~*~*~tactically~*~*~ (stealth).
 46085 | Spider:2 | 46085 ||| Stepping ~*~*~tactically~*~*~ (stealth).
 46086 | Spider:2 | 46086 ||| Stepping ~*~*~tactically~*~*~ (stealth).
 46172 | Spider:2 | 46172 ||| INVOKING Heroism.
 46176 | Spider:2 | HP: 21/108 [demonic crawler (10)]
 46177 | Spider:2 | 46177 ||| READING 4 scrolls of teleportation.
 46178 | Spider:2 | 46178 ||| DRINKING 5 potions of heal wounds.
 46178 | Spider:2 | HP: 9/108 [demonic crawler (11)]
 46179 | Spider:2 | 46179 ||| DRINKING 4 potions of heal wounds.
 46459 | Spider:2 | You are sucked into a shaft and drop 1 floor!
 46490 | Spider:3 | 46490 ||| Stepping ~*~*~tactically~*~*~ (stealth).
 46491 | Spider:3 | 46491 ||| Stepping ~*~*~tactically~*~*~ (stealth).
 46498 | Spider:3 | 46498 ||| Stepping ~*~*~tactically~*~*~ (stealth).
 46499 | Spider:3 | 46499 ||| Stepping ~*~*~tactically~*~*~ (stealth).
 46502 | Spider:3 | 46502 ||| Stepping ~*~*~tactically~*~*~ (stealth).
 46510 | Spider:3 | 46510 ||| Stepping ~*~*~tactically~*~*~ (stealth).
 46511 | Spider:3 | 46511 ||| Stepping ~*~*~tactically~*~*~ (stealth).
 46533 | Spider:3 | 46533 ||| Stepping ~*~*~tactically~*~*~ (stealth).
 46561 | Spider:3 | Noticed Arachne
 46576 | Spider:3 | 46576 ||| INVOKING Heroism.
 46581 | Spider:3 | 46581 ||| UPGRADING to +0 tower shield.
 46588 | Spider:3 | HP: 25/108 [steelbarb worm (6)]
 46589 | Spider:3 | 46589 ||| READING 4 scrolls of teleportation.
 46590 | Spider:3 | 46590 ||| DRINKING 3 potions of heal wounds.
 46591 | Spider:3 | 46591 ||| INVOKING Heroism.
 46592 | Spider:3 | 46592 ||| DRINKING 2 potions of heal wounds.
 46780 | Spider:3 | 46780 ||| UPGRADING to +0 tower shield.
 46790 | Spider:3 | 46790 ||| DROPPING +2 kite shield of cold resistance.
 46792 | Spider:3 | 46792 ||| UPGRADING to ring "Legagung" {rF+ rN+ Int+2
                  | Dex+2}.
 46960 | Spider:2 | 46960 ||| Stepping ~*~*~tactically~*~*~ (stealth).
 46997 | Spider:2 | 46997 ||| Stepping ~*~*~tactically~*~*~ (stealth).
 47082 | Spider:2 | 47082 ||| Stepping ~*~*~tactically~*~*~ (stealth).
 47165 | Spider:2 | 47165 ||| Stepping ~*~*~tactically~*~*~ (stealth).
 47172 | Spider:2 | 47172 ||| Stepping ~*~*~tactically~*~*~ (stealth).
 47230 | Spider:2 | Identified the +8 chain mail "Zeit" {*Corrode Regen+ Int+8
                  | Stlth-}
 47374 | Spider:3 | 47374 ||| Stepping ~*~*~tactically~*~*~ (stealth).
 47438 | Spider:3 | 47438 ||| Stepping ~*~*~tactically~*~*~ (stealth).
 47440 | Spider:3 | 47440 ||| Stepping ~*~*~tactically~*~*~ (hiding).
 47469 | Spider:3 | 47469 ||| INVOKING Heroism.
 47480 | Spider:3 | Killed Arachne
 48014 | Spider:3 | 48014 ||| Stepping ~*~*~tactically~*~*~ (stealth).
 48037 | Spider:3 | 48037 ||| INVOKING Heroism.
 48039 | Spider:3 | 48039 ||| DROPPING +1 hat of the Tundras {-Tele Rampage
                  | rPois SInv}.
 48044 | Spider:3 | HP: 16/108 [demonic crawler (12)]
 48045 | Spider:3 | 48045 ||| READING 4 scrolls of teleportation.
 48045 | Spider:3 | Slain by a demonic crawler

Levels and vault maps discovered:
D:1:      amcnicky_arrival_wind_blow, layout_basic,
          nicolae_concentric_dashed_squares_wild
D:2:      layout_basic, uniq_sigmund
D:3:      layout_basic, mainiacjoe_overflow_two_lobes,
          shapermc_ecumenical_altar_hornbeckon
D:4:      layout_loops_ring, grunt_temple_overflow_bloody_war, enter_ossuary_5,
          kennysheep_big_empty_room, nicolae_figureground_pulse, uniq_grinder,
          uniq_pikel, uniq_natasha
D:5:      layout_basic, lemuel_tele_altar, serial_shops,
          nicolae_shop_back_alley_shop, uniq_menkaure, uniq_crazy_yiuf_cottage
D:6:      layout_basic, fedhas_bush_and_centaur_altar, roderic_batcave
D:7:      layout_rooms, mainiacjoe_overflow_concentric_impassable,
          mainiacjoe_overflow_cross_hatched, minmay_temple_entry_stoned_glass,
          serial_shops, nicolae_shop_window_shopping, shop
D:8:      layout_layer_cave, nicolae_ru_sacrificial_ziggurat, elyvilon_altar_5,
          lair_entry_dummy
D:9:      layout_loops_ring, nicolae_overflow_crystal_walls,
          mainiacjoe_overflow_alcove_1, nicolae_overflow_squiral,
          uniq_prince_ribbit1
D:10:     layout_basic, mainiacjoe_overflow_alcove_4, special_room
          [special_room_orc], eino_house_with_fridge, uniq_josephine, uniq_urug,
          uniq_maurice
D:11:     layout_loops_ring, erik_orc_1, serial_shops, shop_statue,
          serial_rivers, chequers_serial_rivers_micro_d,
          chequers_serial_rivers_room_b, chequers_serial_rivers_micro_b,
          chequers_serial_rivers_micro_e, chequers_serial_rivers_room_b,
          grunt_decor_mini_mirrors, uniq_grum, uniq_nergalle
D:12:     layout_rooms, kb_rosetta
D:13:     wad_mega_maze, layout_basic
D:14:     layout_rooms, lightli_vaults_fourway_checkpoint,
          minmay_gold_behind_fungi, uniq_frances
D:15:     hangedman_depths_entry_civil_slaughter, layout_loops_ring,
          fountainhead
Lair:1:   layout_small_grid, nicolae_volcano_entry_batcave
Lair:2:   layout_loops_ring, nicolae_spider_entry_non_spiders,
          gammafunk_ghost_hive, kennysheep_rathole, uniq_amaemon
Lair:3:   layout_roguey, minmay_swamp_entry_reptiles, basic_altar,
          serial_bayou_pond_a
Lair:4:   layout_roguey, nicolae_slime_entry_slimehenge,
          kennysheep_abandoned_house, grunt_megastairs_3
Lair:5:   minmay_lair_end_enchanted_forest, layout_regular_city,
          gammafunk_ghost_grave, ice2_lemuel, infiniplex_staircase_pool,
          serial_bayou_shore_b, serial_bayou_shore_b, lemuel_fruit_fields
Spider:1: layout_spider_delve
Spider:2: layout_spider_delve, worms_lemuel
Spider:3: layout_spider_delve, uniq_arachne
Orc:1:    layout_caves
Orc:2:    st_orc_rangers, layout_caves, mines1_david

Skill      XL: |  1  2  3  4  5  6  7  8  9 10 11 12 13 14 15 16 17 |
---------------+----------------------------------------------------+-----
Axes           | 3 5 6 7 9 10 12 13 14 15 16 17 | 17.0
Throwing       | 1 2 3 4 5 6 7 |  7.0
Fighting       | 4 5 7 8 9 10 11 12 13 | 13.0
Armour         | 1 2 8 10 11 13 14 15 | 15.5
Dodging        | 1 2 3 |  3.0
Invocations    | 4 5 7 10 | 10.0
Shields        | 6 10 13 14 | 14.1
Spellcasting   | |  1.0
Fire Magic     | |  3.0

Action                     |  1- 3 |  4- 6 |  7- 9 | 10-12 | 13-15 | 16-18 || total
---------------------------+-------+-------+-------+-------+-------+-------++-------
  Melee: Hand axe          |    86 |     1 |       |    10 |    31 |       ||   128
         Punch             |     1 |       |     2 |     5 |    14 |       ||    22
         War axe           |       |    64 |   260 |   409 |   726 |       ||  1459
         Broad axe         |       |       |       |       |   257 |   616 ||   873
  Throw: Javelin           |    20 |    31 |    64 |    21 |   117 |   135 ||   388
         Boomerang         |       |       |    37 |   134 |   168 |    53 ||   392
 Invoke: Fiery Armour      |       |     2 |     6 |     4 |       |       ||    12
         Heroism           |       |       |       |    17 |    37 |    22 ||    76
         Finesse           |       |       |       |       |     4 |     3 ||     7
    Use: Scroll            |     4 |    10 |     8 |    14 |     5 |     5 ||    46
         Potion            |       |     3 |     4 |     8 |     1 |     5 ||    21
   Stab: Distracted        |       |       |       |     1 |       |     1 ||     2
 Armour: Robe              |    20 |       |       |       |       |       ||    20
         Leather armour    |     2 |    23 |    55 |       |       |       ||    80
         Scale mail        |       |       |    43 |       |       |       ||    43
         Crystal plate arm |       |       |   157 |   660 |   787 |   519 ||  2123
  Dodge: Dodged            |    39 |    38 |   150 |   178 |   212 |   177 ||   794
  Block: Other             |       |       |       |   126 |   117 |       ||   243
         Buckler           |       |       |       |       |   161 |       ||   161
         Reflection        |       |       |       |       |    26 |    69 ||    95
         Kite shield       |       |       |       |       |    77 |   512 ||   589
         Tower shield      |       |       |       |       |       |   148 ||   148

Table legend:
 A = Non-vault XP
 B = Vault XP
 C = Vault XP percentage of total XP
 D = Non-vault monster count
 E = Vault monster count
 F = Vault count percentage of total count
                 A         B        C        D         E       F
            +---------+---------+-------+---------+---------+-------
      Total |  152098 |   55749 |  26.8 |     689 |     296 |  30.1
            +---------+---------+-------+---------+---------+-------
        D:1 |      48 |       0 |   0.0 |      31 |       0 |   0.0
        D:2 |      29 |     239 |  89.2 |      12 |       1 |   7.7
        D:3 |     259 |       0 |   0.0 |      22 |       0 |   0.0
        D:4 |     155 |     937 |  85.8 |      14 |       4 |  22.2
        D:5 |     945 |     183 |  16.2 |      26 |       1 |   3.7
        D:6 |    1196 |     237 |  16.5 |      32 |       9 |  22.0
        D:7 |    1197 |       0 |   0.0 |      28 |       0 |   0.0
        D:8 |    2045 |       0 |   0.0 |      19 |       0 |   0.0
        D:9 |    2294 |     264 |  10.3 |      17 |       1 |   5.6
       D:10 |    3209 |    4400 |  57.8 |      22 |      47 |  68.1
       D:11 |    4627 |    2008 |  30.3 |      16 |      23 |  59.0
       D:12 |    6894 |    2268 |  24.8 |      38 |       4 |   9.5
       D:13 |    6843 |    3207 |  31.9 |      21 |       5 |  19.2
       D:14 |    6947 |    9544 |  57.9 |      17 |      13 |  43.3
       D:15 |    7090 |    3889 |  35.4 |      18 |       6 |  25.0
     Lair:1 |    5110 |     573 |  10.1 |      29 |       3 |   9.4
     Lair:2 |    4145 |    1794 |  30.2 |      13 |      20 |  60.6
     Lair:3 |   13241 |    1021 |   7.2 |      44 |       4 |   8.3
     Lair:4 |   11142 |     560 |   4.8 |      20 |      16 |  44.4
     Lair:5 |   18055 |   12368 |  40.7 |      56 |      58 |  50.9
   Spider:1 |   15257 |       0 |   0.0 |      40 |       0 |   0.0
   Spider:2 |   20801 |    3850 |  15.6 |      54 |       9 |  14.3
   Spider:3 |   11089 |    2129 |  16.1 |      26 |       1 |   3.7
      Orc:1 |    4590 |       0 |   0.0 |      31 |       0 |   0.0
      Orc:2 |    4890 |    5731 |  54.0 |      43 |      37 |  46.2
    Ossuary |       0 |     547 | 100.0 |       0 |      34 | 100.0
            +---------+---------+-------+---------+---------+-------
